 Dungeon Crawl Stone Soup version 0.17-a0-1741-gd5e8965 (webtiles) character file.

161 KambridgeKobold the Magician (level 5, -1/28 HPs)
             Began as a Deep Elf Wizard on Aug 31, 2015.
             Slain by a river rat (7 damage)
             ... on level 4 of the Dungeon.
             The game lasted 00:15:08 (3527 turns).

KambridgeKobold the Magician (Deep Elf Wizard)      Turns: 3527, Time: 00:15:08

Health: -1/28      AC:  4    Str:  7    XL:     5   Next: 18%
Magic:  2/15       EV: 19    Int: 23    God:
Gold:   88         SH:  0    Dex: 18    Spells: 5 memorised, 6 levels left

rFire  . . .     SeeInvis .     w - +0 rod of ignition (4/13)
rCold  . . .     Clarity  +     a - +0 robe
rNeg   . . .     SustAt   .     (no shield)
rPois  .         Gourm    .     o - +0 helmet
rElec  .         Spirit   .     (no cloak)
rCorr  .         Warding  .     h - +0 pair of gloves
rMut   .         Stasis   .     (no boots)
MR     .....                    (no amulet)
Stlth  ++++......               (no ring)
                                (no ring)

@: agile, repel missiles, not resistant to hostile enchantments, stealthy
A: clarity, sense surroundings 1, strong 1
a: no special abilities


You were on level 4 of the Dungeon.
You were very hungry.

You visited 1 branch of the dungeon, and saw 4 of its levels.

You collected 88 gold pieces.

Inventory:

Hand weapons
 k - a +0 dagger
 l - a +0 short sword
Armour
 a - a +0 robe (worn)
 b - a +0 hat
 h - a +0 pair of gloves (worn)
 o - a +0 helmet (worn)
Rods
 w - a +0 rod of ignition (4/13) (weapon)
   (You found it on level 3 of the Dungeon)
Jewellery
 x - an uncursed ring of positive energy {unknown}
Scrolls
 f - a scroll of random uselessness {unknown}
 m - 2 scrolls of teleportation {unknown}
 n - 2 scrolls of noise {unknown}
 r - a scroll of enchant armour {unknown}
 t - 2 scrolls of remove curse {unknown}
 v - a scroll of identify
 y - a scroll of enchant weapon {unknown}
Potions
 e - a potion of cancellation
 j - a potion of curing
 p - a potion of brilliance
 s - a potion of might
 z - a potion of resistance {unknown}
Books
 c - a book of Minor Magic

   Spells                             Type                      Level
   a - Magic Dart                     Conjuration                  1
   b - Blink                          Translocation                2
   c - Call Imp                       Summoning                    2
   d - Repel Missiles                 Charms/Air                   2
   e - Slow                           Hexes                        2
   f - Conjure Flame                  Conjuration/Fire             3
   g - Mephitic Cloud                 Conjuration/Poison/Air       3
Comestibles
 d - 4 bread rations
 i - 2 beef jerkies
 q - 2 slices of pizza
 u - 3 meat rations


   Skills:
 + Level 3.8 Dodging
 + Level 3.8 Stealth
 + Level 5.5 Spellcasting
 + Level 2.6 Conjurations
 - Level 1.1 Summonings
 - Level 1.1 Translocations
 + Level 1.2 Evocations


You had 6 spell levels left.
You knew the following spells:

 Your Spells              Type           Power        Failure   Level  Hunger
a - Magic Dart            Conj           ###.         2%          1    None
b - Blink                 Tloc           N/A          12%         2    None
c - Call Imp              Summ           ##......     12%         2    None
d - Repel Missiles        Chrm/Air       #.....       17%         2    None
e - Slow                  Hex            #.......     17%         2    None


Dungeon Overview and Level Annotations

Branches:
Dungeon (4/15)
 Temple: D:4-7

Altars:
Makhleb
The Shining One


Innate Abilities, Weirdness & Mutations

You possess an exceptional clarity of mind.
You passively map a small area around you.
Your muscles are strong. (Str +2)


Message History

* * * LOW HITPOINT WARNING * * *
You hit the river rat but do no damage.
The river rat is almost dead.
The river rat misses you.
You barely miss the river rat.
The river rat is almost dead.
The river rat closely misses you. The river rat completely misses you.
You closely miss the river rat.
The river rat is almost dead.
The river rat misses you.
You closely miss the river rat.
The river rat is almost dead.
The river rat misses you.
You hit the river rat but do no damage.
The river rat is almost dead.
The river rat misses you. x2
You barely miss the river rat.
The river rat is almost dead.
The river rat bites you!
You die...

* * #.# ### ##.
#.# ..###..
#.#†..##...
#.#r..#....
#†(r.r#.... ###
#†#rrr#.###
##.# #†# rr#.##
#.## #.#
,r#..## #@##
##.#####....
##r##
#.......####
##r###.......#
##r##.......#
##.#(..##..#
###.....#...##
##..##..#.....#
#.####.......##
### #.......#


You could see 2 river rats and a rat.

Vanquished Creatures
  5 adders
  5 river rats (D:4)
  2 worms
  4 bats
  A giant cockroach (D:1)
  4 goblins
  6 hobgoblins
  4 jackals (D:3)
  3 kobolds
  A giant gecko (D:3)
  3 giant newts
  9 rats
47 creatures vanquished.

Vanquished Creatures (collateral kills)
  A river rat (D:4)
  An adder (D:2)
  2 worms (D:2)
  A goblin (D:3)
  2 hobgoblins (D:2)
  5 jackals (D:3)
  2 kobolds
  4 rats
18 creatures vanquished.

Grand Total: 65 creatures vanquished

Notes
Turn   | Place    | Note
--------------------------------------------------------------
     0 | D:1      | KambridgeKobold the Deep Elf Wizard began the quest for the Orb.
     0 | D:1      | Reached XP level 1. HP: 10/10 MP: 7/7
   537 | D:1      | Reached XP level 2. HP: 15/15 MP: 6/9
   551 | D:1      | Learned a level 2 spell: Blink
   554 | D:1      | Learned a level 2 spell: Call Imp
   557 | D:1      | Learned a level 2 spell: Repel Missiles
   560 | D:1      | Learned a level 2 spell: Slow
  1271 | D:2      | Found a glowing golden altar of the Shining One.
  1282 | D:2      | Reached XP level 3. HP: 12/19 MP: 6/11
  1399 | D:2      | Found a burning altar of Makhleb.
  1463 | D:2      | Reached skill level 5 in Spellcasting
  1946 | D:2      | Reached XP level 4. HP: 13/24 MP: 0/13
  2606 | D:3      | Identified a +0 rod of ignition (13/13) (You found it on level 3 of the Dungeon)
  2614 | D:3      | Gained mutation: Your muscles are strong. (Str +2) [potion of mutation]
  2614 | D:3      | Gained mutation: You possess an exceptional clarity of mind. [potion of mutation]
  2614 | D:3      | Gained mutation: You passively map a small area around you. [potion of mutation]
  3455 | D:4      | Reached XP level 5. HP: 28/28 MP: 11/14
  3457 | D:4      | Reached skill level 1 in Evocations
  3518 | D:4      | HP: 1/28 [river rat (4)]
  3527 | D:4      | Slain by a river rat

Vault maps used:
D:1:      dpeg_arrival_connections
D:2:      grunt_temple_overflow_open, first_bread
D:3:      kennysheep_generic_room_5
D:4:      yredelemnul_altar_generic, grunt_ministairs_1, dk_rats_in_the_wall

Action                   |  1- 3 |  4- 6 || total
-------------------------+-------+-------++-------
Melee: Dagger            |     3 |    11 ||    14
       Rod               |       |    16 ||    16
 Cast: Magic Dart        |    59 |    30 ||    89
       Call Imp          |    13 |    15 ||    28
       Slow              |     3 |     4 ||     7
       Blink             |     2 |       ||     2
       Repel Missiles    |     1 |       ||     1
Evoke: Rod               |       |     6 ||     6
  Use: Potion            |     1 |     3 ||     4
       Scroll            |       |     5 ||     5
 Stab: Sleeping          |       |     3 ||     3
       Distracted        |       |     1 ||     1
  Eat: Chunk             |     3 |     7 ||    10
